 Dungeon Crawl Stone Soup version 0.30-a0-439-g9e77e4d916 (webtiles) character file.

Game seed: 12174184000344980335

4235 inmateoo the Grappler (level 10, -2/77 HPs)
             Began as a Demonspawn Fighter on Dec 10, 2022.
             Slain by a yak (12 damage)
             ... on level 9 of the Dungeon.
             The game lasted 00:10:29 (7489 turns).

inmateoo the Grappler (Demonspawn Fighter)          Turns: 7489, Time: 00:10:30

Health: -2/77      AC: 10    Str: 17    XL:     10   Next: 9%
Magic:  10/10      EV: 14    Int: 10    God:
Gold:   569        SH:  6    Dex: 16    Spells: 9/9 levels left

rFire   . . .      SeeInvis .      - Unarmed
rCold   . . .      Faith    .    b - +0 buckler
rNeg    . . .      Spirit   .    c - +0 troll leather armour {Pargi}
rPois   .          Reflect  .    (helmet restricted)
rElec   .          Harm     .    (no cloak)
rCorr   .          Rampage  .    g - +0 pair of gloves
Will    +....                    (no boots)
Stlth   +.........               (no amulet)
HPRegen 1.12/turn                z - +4 ring of protection
MPRegen 0.12/turn                u - ring of willpower

@: no status effects
A: antennae 2, foul stench 2, powered by pain 1
a: no special abilities


You were on level 9 of the Dungeon.
You visited 1 branch of the dungeon, and saw 9 of its levels.
You also visited: Sewer.

You collected 569 gold pieces.

Inventory:

Missiles
 l - 2 throwing nets (quivered)
Armour
 b - a +0 buckler (worn)
 c - a +0 troll leather armour (worn) {Pargi}
 g - a +0 pair of gloves (worn)
 D - a +2 plate armour of fire resistance
Jewellery
 j - a ring of fire
 q - a ring of ice
 u - a ring of willpower (right hand)
 z - a +4 ring of protection (left hand)
Wands
 d - a wand of paralysis (8)
 r - a wand of flame (14)
 v - a wand of roots (2)
Scrolls
 a - a scroll of blinking
 e - 11 scrolls of teleportation
 x - a scroll of magic mapping
 y - 2 scrolls of butterflies
Potions
 f - 3 potions of cancellation
 h - a potion of lignification
 i - 2 potions of ambrosia
 k - 2 potions of heal wounds
 m - a potion of degeneration {unknown}
 n - 2 potions of mutation {unknown}
 o - 6 potions of flight {unknown}
 p - a potion of brilliance {unknown}
 s - a potion of haste {unknown}
 t - a potion of curing {unknown}
 w - 2 potions of might
 A - a potion of invisibility {unknown}


   Skills:
 + Level 6.6 Fighting
 + Level 6.1 Armour
 + Level 5.3 Dodging
 + Level 6.0 Shields
 * Level 8.1 Unarmed Combat


You had 9 spell levels left.
You didn't know any spells.
Your spell library contained the following spells:

 Spells                   Type           Power      Damage    Failure   Level
 Frozen Ramparts          Ice            0%         1d1       86%         3
 Ice Form                 Ice/Tmut       0%         N/A       99%         4
 Summon Ice Beast         Ice/Summ       0%         N/A       99%         4


Dungeon Overview and Level Annotations

Branches:
Dungeon (9/15)             Temple (0/1) D:5             Orc (0/2) D:9
  Sewer (visited)
   Lair: D:8-11

Altars:
Ashenzari
Dithmenos
Hepliaklqana
Kikubaaqudgha
Qazlal
Ru
Trog
Xom
Yredelemnul

Annotations:
D:8 2 transporters, Verendum's ghost, novice OpTm


Innate Abilities, Weirdness & Mutations

You have a pair of antennae on your head.
You sometimes emit foul miasma when damaged in melee.
You sometimes gain a little power by taking damage.


Message History

The centaur kicks you but does no damage.
You punch the yak!
The yak is moderately wounded.
You block the centaur's attack. x2; The yak barely misses you.
An orc priest comes into view. It is wielding a +0 short sword.
You hit the yak but do no damage.
The yak is moderately wounded.
The centaur hits you but does no damage.
You block the centaur's attack.
You punch the yak!
The yak is heavily wounded.
The centaur hits you but does no damage.
The centaur closely misses you. The yak gores you!
You closely miss the yak.
The yak is heavily wounded.
The centaur hits you but does no damage.
The centaur kicks you.
You emit a cloud of foul miasma!
The yak gores you!
* * * LOW HITPOINT WARNING * * *
The yak closely misses you.
The centaur is engulfed in dark miasma.
The centaur is poisoned.
The centaur seems to slow down.
The centaur hits you.
* * * LOW HITPOINT WARNING * * *
The centaur kicks you but does no damage.
You hit the yak.
The yak is severely wounded.
The centaur is no longer moving slowly.
You block the yak's attack. The yak misses you.
The centaur is engulfed in dark miasma.
The centaur looks even sicker.
The centaur closely misses you.
The centaur kicks you but does no damage.
The centaur is engulfed in dark miasma.
The centaur looks even sicker.
The centaur wields a +0 shortbow.
The centaur shoots an arrow.
The arrow hits you.
* * * LOW HITPOINT WARNING * * *
The yak gores you!
* * * LOW HITPOINT WARNING * * *
Items here: )) [ ††.
The yak attacks as you move away! The yak closely misses you.
The centaur is engulfed in dark miasma.
The centaur looks as sick as possible!
The yak completely misses you. The yak attacks as you move away!
The yak gores you!
You die...

#... #.[....>.
##.......$ ######
#......... #....#
#.........
#....###o........
#....#Y.Y........
#.....Y##........
#....@Yo).).....#
#....###c........
#....# #......##.
####....####....##
#................#
#..........##......
#...................
#...................
#..........#.


You could see 4 yaks, a centaur (extremely poisoned), an orc priest and an orc.

Vanquished Creatures
  A vampire (D:8)
  A wyvern (D:8)
  4 yaks (D:7)
  2 steam dragons
  A warg (D:9)
  A water moccasin (D:6)
  Pargi (Sewer)
  3 orc warriors
  A black bear (D:4)
  The ghost of Angani the Trooper, an amateur DrWr (D:3)
  3 ogres
  A centaur (D:8)
  Blork the orc (D:4)
  5 bullfrogs
  A necrophage (D:6)
  A scorpion (D:5)
  11 wights
  A howler monkey (D:5)
  4 orc priests
  A hound (D:5)
  A gnoll bouda (D:6)
  3 jellies
  3 iguanas (D:5)
  6 orc wizards
  22 gnolls
  8 adders
  A shadow imp (D:5)
  3 worms
  2 dart slugs
  34 orcs
  5 ball pythons
  7 endoplasms
  9 giant cockroaches
  2 goblins
  10 hobgoblins
  2 jackals (D:2)
  14 kobolds
  2 quokkas
  2 bats
  3 frilled lizards
  4 rats
188 creatures vanquished.

Vanquished Creatures (others)
  An orc wizard (D:9)
1 creature vanquished.

Grand Total: 189 creatures vanquished

Notes
Turn   | Place    | Note
-------+----------+-------------------------------------------
     0 | D:1      | inmateoo the Demonspawn Fighter began the quest for the
                  | Orb.
     0 | D:1      | Reached XP level 1. HP: 18/18 MP: 1/1
    41 | D:1      | Reached skill level 2 in Unarmed Combat
   122 | D:1      | Gained mutation: You have a pair of small antennae on your
                  | head. [demonic ancestry]
   122 | D:1      | Reached XP level 2. HP: 5/24 MP: 2/2
   787 | D:2      | Gained mutation: You may rarely emit foul miasma when
                  | damaged in melee. [demonic ancestry]
   787 | D:2      | Reached XP level 3. HP: 25/29 MP: 3/3
   899 | D:2      | Found a faded altar of an unknown god.
  1035 | D:2      | Reached skill level 1 in Dodging
  1206 | D:1      | HP: 1/29 [gnoll/+0 flail (11)]
  1242 | D:1      | Reached XP level 4. HP: 17/35 MP: 4/4
  1550 | D:2      | Reached skill level 3 in Unarmed Combat
  1824 | D:3      | Found a stormy altar of Qazlal.
  1952 | D:3      | Gained mutation: You sometimes gain a little power by
                  | taking damage. [demonic ancestry]
  1952 | D:3      | Reached XP level 5. HP: 33/41 MP: 5/5
  2012 | D:3      | Found a glowing drain.
  2058 | Sewer    | Entered a sewer
  2245 | Sewer    | Noticed Pargi
  2253 | Sewer    | Killed Pargi
  2254 | Sewer    | Reached XP level 6. HP: 34/48 MP: 6/6
  2589 | D:3      | Found a runed translucent gate.
  2589 | D:3      | Found a runed translucent gate.
  2589 | D:3      | Found a runed translucent gate.
  2600 | D:3      | Noticed Angani's ghost (amateur DrWr)
  2716 | D:3      | Killed Angani's ghost
  2717 | D:3      | Reached skill level 4 in Unarmed Combat
  2753 | D:4      | Noticed Blork the orc
  2766 | D:4      | Killed Blork the orc
  3035 | D:4      | Gained mutation: You have a pair of antennae on your head.
                  | [demonic ancestry]
  3035 | D:4      | Reached XP level 7. HP: 49/54 MP: 7/7
  3080 | D:4      | Noticed a steam dragon
  3105 | D:5      | Entered Level 5 of the Dungeon
  3197 | D:4      | Killed a steam dragon
  3467 | D:4      | Found a faded altar of an unknown god.
  3475 | D:4      | Found a sacrificial altar of Ru.
  3477 | D:4      | Found a faded altar of an unknown god.
  3479 | D:4      | Found a shadowy altar of Dithmenos.
  4003 | D:5      | Reached skill level 5 in Unarmed Combat
  4049 | D:5      | Found a shimmering altar of Xom.
  4212 | D:5      | Reached XP level 8. HP: 19/61 MP: 8/8
  4482 | D:5      | Found a staircase to the Ecumenical Temple.
  4937 | D:6      | Found a broken altar of Ashenzari.
  5203 | D:6      | Reached skill level 5 in Fighting
  5693 | D:7      | Reached skill level 6 in Unarmed Combat
  6094 | D:7      | Found a hazy altar of Hepliaklqana.
  6128 | D:7      | Reached skill level 5 in Armour
  6157 | D:7      | Reached skill level 5 in Shields
  6205 | D:7      | Gained mutation: You sometimes emit foul miasma when
                  | damaged in melee. [demonic ancestry]
  6205 | D:7      | Reached XP level 9. HP: 66/68 MP: 9/9
  6239 | D:7      | Found a basalt altar of Yredelemnul.
  6579 | D:8      | Found an ancient bone altar of Kikubaaqudgha.
  6643 | D:8      | Reached skill level 7 in Unarmed Combat
  6791 | D:8      | Found a transporter.
  6793 | D:8      | Noticed Verendum's ghost (novice OpTm)
  6798 | D:8      | Found a transporter.
  6803 | D:8      | Found a bloodstained altar of Trog.
  6816 | D:8      | Noticed a moth of wrath
  6990 | D:7      | Reached skill level 5 in Dodging
  7089 | D:8      | Reached skill level 8 in Unarmed Combat
  7089 | D:8      | Reached XP level 10. HP: 27/77 MP: 10/10
  7451 | D:9      | Found a staircase to the Orcish Mines.
  7489 | D:9      | Slain by a yak

Illustrated notes

Levels and vault maps discovered:
D:1:      spicycebolla_arrival_clurvy, layout_basic
D:2:      layout_rooms, ebering_ecumenical_altar_hall
D:3:      layout_loops_ring, mainiacjoe_overflow_six_doors_small,
          gup_sewer_entry_glass, ebering_ghost_rock_garden
D:4:      layout_loops_corners, chequers_temple_overflow_minitemple,
          uniq_blork_the_orc
D:5:      layout_loops_ring, amcnicky_altar_gilded, minmay_temple_entry_fiery
D:6:      layout_loops_cross, mainiacjoe_overflow_concentric_impassable
D:7:      layout_rooms, worldfamousw_hep_ancestral_shrine,
          mainiacjoe_overflow_24_doors
D:8:      layout_basic, kennysheep_mini, gammafunk_ghost_wrathful_warriors
D:9:      layout_rooms, trog_book, david_orc_3, ebering_ghost_disaster_area

Skill      XL: |  1  2  3  4  5  6  7  8  9 10 |
---------------+-------------------------------+-----
Unarmed Combat | 2 3 4 5 6 8 |  8.1
Armour         | 3 4 5 6 |  6.1
Dodging        | 1 2 3 4 5 |  5.3
Shields        | 3 4 5 6 |  6.0
Fighting       | 4 5 6 |  6.6

Action                   |  1- 3 |  4- 6 |  7- 9 | 10-12 || total
-------------------------+-------+-------+-------+-------++-------
Melee: Unarmed           |   156 |   265 |   507 |    54 ||   982
Throw: Throwing net      |       |       |     1 |       ||     1
Evoke: Wand              |       |       |    12 |       ||    12
  Use: Scroll            |     6 |     3 |     8 |       ||    17
       Potion            |     1 |     2 |     1 |       ||     4
 Stab: Sleeping          |       |     1 |       |     2 ||     3
       Held in net/web   |       |       |     1 |       ||     1
Armor: Scale mail        |    57 |    71 |       |       ||   128
       Troll leather arm |       |     6 |    75 |    25 ||   106
       Skin              |       |       |    11 |       ||    11
Dodge: Dodged            |    59 |   108 |   262 |    25 ||   454
Block: Buckler           |    26 |    46 |   108 |    13 ||   193

Table legend: (Time is in decaauts)
 A = Elapsed time spent in this place.
 B = Non-inter-level travel time spent in this place.
 C = Inter-level travel time spent in this place.
 D = Time resting spent in this place.
 E = Time spent auto-exploring this place.
 F = Levels seen in this place.
 G = Mean time per level.
                   A        B        C        D        E       F      G
               +--------+--------+--------+--------+--------+-----+--------+
         Total |   7451 |   7292 |    159 |   1310 |   3799 |  10 |  745.1 |
       Dungeon |   7164 |   7005 |    159 |   1180 |   3798 |   9 |  796.0 |
         Sewer |    287 |    287 |      0 |    130 |      1 |   1 |  287.0 |
               +--------+--------+--------+--------+--------+-----+--------+

Top non-repeatable levels by time:
     D:5: 1110 daAuts
     D:4: 1027 daAuts
     D:3: 967 daAuts
     D:1: 888 daAuts
     D:6: 860 daAuts
     D:7: 821 daAuts
     D:8: 752 daAuts
     D:2: 611 daAuts
   Sewer: 287 daAuts
     D:9: 124 daAuts
